 Dungeon Crawl Stone Soup version 0.31-a0-538-gbc85326fa9 (webtiles) character file.

Game seed: 11597957071318080015

2020 pokeman the Thaumaturge (level 9, -5/50 HPs)
             Began as a Deep Elf Hedge Wizard on Aug 13, 2023.
             Was a Believer of Vehumet.
             Slain by an orc warrior
             ... wielding a +0 hand axe
              (8 damage)
             ... in a bailey.
             The game lasted 00:13:45 (7823 turns).

pokeman the Thaumaturge (Deep Elf Hedge Wizard)     Turns: 7823, Time: 00:13:46

Health: -5/50      AC:  9    Str:  7    XL:     9   Next: 3%
Magic:  21/26      EV: 13    Int: 24    God:    Vehumet [**....]
Gold:   311        SH:  0    Dex: 14    Spells: 22/30 levels left

rFire   . . .        u - +2 whip (venom)
rCold   . . .        (no shield)
rNeg    . . .        x - +0 steam dragon scales
rPois   .            t - +1 hat
rElec   .            w - +2 cloak
rCorr   .            (no gloves)
SInv    .            (no boots)
Will    .....        (no amulet)
Stlth   ++           (no ring)
HPRegen 0.28/turn    (no ring)
MPRegen 0.20/turn

%: no passive effects
@: no status effects
A: no striking features
a: Renounce Religion


You were in a bailey.
You worshipped Vehumet.
Vehumet was pleased with you.
You visited 2 branches of the dungeon, and saw 8 of its levels.
You also visited: Bailey.

You collected 311 gold pieces.

Inventory:

Hand Weapons
 u - a +2 whip of venom (weapon)
 v - a +4 quarterstaff of chaos
Missiles
 b - 2 throwing nets
Armour
 t - a +1 hat (worn)
 w - a +2 cloak (worn)
 x - +0 steam dragon scales (worn)
 A - a +2 robe of resistance
Jewellery
 o - a ring of poison resistance
Wands
 z - a wand of paralysis (2)
Scrolls
 a - 4 scrolls of fog {unknown}
 c - 6 scrolls of identify {unknown}
 h - 2 scrolls of revelation {unknown}
 l - 2 scrolls of teleportation {unknown}
 n - a scroll of enchant armour {unknown}
 p - a scroll of immolation {unknown}
 r - 4 scrolls of blinking {unknown}
 s - a scroll of vulnerability {unknown}
 y - a scroll of poison {unknown}
 B - a scroll of enchant weapon {unknown}
Potions
 d - a potion of magic
 e - a potion of heal wounds {unknown}
 f - 6 potions of curing {unknown}
 g - a potion of brilliance {unknown}
 i - 2 potions of mutation {unknown}
 j - 2 potions of ambrosia {unknown}
 k - 2 potions of attraction {unknown}
 m - a potion of haste {unknown}
 q - a potion of resistance {unknown}


   Skills:
 + Level 3.0 Fighting
 - Level 3.0 Armour
 - Level 3.0 Dodging
 - Level 3.0 Stealth
 * Level 11.4 Spellcasting
 + Level 6.2 Conjurations
 - Level 1.1 Summonings
 - Level 1.1 Translocations
 - Level 1.2 Air Magic
 - Level 1.2 Poison Magic


You had 22 spell levels left.
You knew the following spells:

 Your Spells              Type           Power      Damage    Failure   Level
a - Magic Dart            Conj           100%       1d8       1%          1
b - Mephitic Cloud        Conj/Pois/Air  27%        N/A       4%          3
c - Call Imp              Summ           38%        N/A       4%          2
d - Blink                 Tloc           38%        N/A       4%          2

Your spell library contained the following spells:

 Spells                   Type           Power      Damage    Failure   Level
 Momentum Strike          Conj/Tloc      62%        3d9       1%          2
 Sting                    Tmut/Pois      64%        1d6       3%          1
 Slow                     Hex            52%        N/A       4%          1
 Cigotuvi's Dreadful Rot  Necr/Pois/Air  34%        N/A       4%          2
 Poisonous Vapours        Pois/Air       38%        N/A       4%          2
 Olgreb's Toxic Radiance  Pois           19%        N/A       26%         4
 Arcjolt                  Conj/Air       15%        1d25      26%         5
 Manifold Assault         Tloc           19%        N/A       28%         4
 Conjure Ball Lightning   Conj/Air       15%        3x3d6     83%         6
 Dispersal                Tloc           9%         N/A       99%         6
 Plasma Beam              Fire/Air       8%         2x1d18    99%         6
 Disjunction              Tloc           9%         N/A       100%        8


Dungeon Overview and Level Annotations

Branches:
Dungeon (7/15)             Temple (1/1) D:4          Bailey (1/1)

Altars:
Ashenzari
Cheibriados
Dithmenos
Fedhas
Hepliaklqana
Kikubaaqudgha
Makhleb
Nemelex Xobeh
Okawaru
Qazlal
Ru
Sif Muna
Trog
Uskayaw
Vehumet
Wu Jian
Xom
Yredelemnul
Zin
The Shining One

Annotations:
D:3 2 transporters, justen's ghost, amateur VSSh
D:7 Joseph
Temple 2 transporters


Message History

The gnoll is engulfed in noxious fumes.
The gnoll appears confused.
The gnoll hits the orc warrior with a +0 hand axe.
The gnoll hits itself but does no damage.
The orc warrior grins madly.
The orc warrior hits the gnoll with a +0 hand axe!
You hit the orc warrior.
The orc warrior is heavily wounded.
The orc warrior hits you with a +0 hand axe!
* * * LOW HITPOINT WARNING * * *
Unknown command.
Casting: Mephitic Cloud (dangerous; 4% risk of failure)
Confirm with . or Enter, or press ? or * to list all spells.
You blink.
The orc warrior hits the gnoll with a +0 hand axe.
Unknown command.
You hit the gnoll.
You kill the gnoll!
Vehumet accepts your kill.
You feel your power returning.
Unknown command.
You hit the kobold.
The kobold is poisoned.
The kobold is severely wounded.
You kill the kobold!
Vehumet accepts your kill. The orc hits you with a +0 hand axe.
* * * LOW HITPOINT WARNING * * *
Unknown command.
Casting: Blink (safe; 4% risk of failure)
Confirm with . or Enter, or press ? or * to list all spells.
You are still too unstable to blink.
You feel stable enough to blink again. The orc warrior barely misses you.
You hit the orc.
The orc is poisoned.
The orc is heavily wounded.
The orc barely misses you.
The orc warrior seems less confused.
The orc hits you with a +0 hand axe.
* * * LOW HITPOINT WARNING * * *
The orc warrior attacks as you move away!
The orc warrior hits you with a +0 hand axe!
You die...

♣≈≈# ♣≈≈# ....
♣≈≈## ...#
♣...## ....#
♣....##....#~
♣♣.....#(...##
♣......'.....#
♣∩@∩..('.....#
♣.oo.).'.....#
♣♣..(..#....##
♣.)..## ...#~
♣...## ..#
♣≈≈## .# ♣≈≈#
.# ♣≈≈# . ♣≈≈#


You could see an orc warrior and an orc (very poisoned).

Vanquished Creatures
  A steam dragon (D:6)
  Menkaure (D:6)
  Duvessa (D:7)
  2 black bears (D:6)
  A centaur (D:5)
  A phantom (D:6)
  Blork the orc (D:4)
  2 bullfrogs
  2 scorpions (D:5)
  A wight (D:7)
  Dowan (D:7)
  2 howler monkeys (D:5)
  3 gnoll boudas
  2 hounds
  2 sleepcaps
  Jessica (D:3)
  4 iguanas
  2 orc wizards
  17 gnolls
  7 adders
  2 shadow imps
  4 worms
  4 dart slugs
  6 orcs
  7 ball pythons
  7 endoplasms
  6 giant cockroaches
  9 goblins
  6 hobgoblins
  A quokka (D:2)
  4 bats
  2 frilled lizards
  13 kobolds
  6 rats
131 creatures vanquished.

Vanquished Creatures (collateral kills)
  An orc warrior (D:7)
  Crazy Yiuf (D:5)
2 creatures vanquished.

Vanquished Creatures (others)
  A kobold brigand (D:7)
1 creature vanquished.

Grand Total: 134 creatures vanquished

Notes
Turn   | Place    | Note
-------+----------+-------------------------------------------
     0 | D:1      | pokeman the Deep Elf Hedge Wizard began the quest for the
                  | Orb.
     0 | D:1      | Reached XP level 1. HP: 10/10 MP: 7/7
   494 | D:1      | Reached XP level 2. HP: 15/16 MP: 2/9
  1200 | D:2      | Reached skill level 5 in Spellcasting
  1357 | D:2      | Reached XP level 3. HP: 20/20 MP: 8/11
  1361 | D:2      | Learned a level 3 spell: Mephitic Cloud
  1364 | D:2      | Learned a level 2 spell: Call Imp
  1367 | D:2      | Learned a level 2 spell: Blink
  2226 | D:3      | Reached skill level 1 in Armour
  2345 | D:3      | Reached skill level 1 in Fighting
  2569 | D:3      | Found a faded altar of an unknown god.
  2765 | D:3      | Found a transporter.
  2772 | D:3      | Noticed justen's ghost (amateur VSSh)
  2775 | D:3      | Found a transporter.
  2881 | D:3      | Noticed Jessica
  2884 | D:3      | Killed Jessica
  2885 | D:3      | Reached XP level 4. HP: 25/25 MP: 8/13
  3429 | D:4      | Found a burning altar of Makhleb.
  3521 | D:4      | Found a blossoming altar of Fedhas.
  3541 | D:4      | Found a staircase to the Ecumenical Temple.
  3550 | Temple   | Found a transporter.
  3550 | Temple   | Found a transporter.
  3550 | Temple   | Found a transporter.
  3550 | Temple   | Found a transporter.
  3550 | Temple   | Entered the Ecumenical Temple
  3565 | Temple   | Became a worshipper of Vehumet
  3600 | D:4      | Reached skill level 6 in Spellcasting
  3600 | D:4      | Reached XP level 5. HP: 19/29 MP: 7/15
  4313 | D:4      | Found a basalt altar of Yredelemnul.
  4349 | D:4      | Noticed Blork the orc
  4359 | D:4      | Killed Blork the orc
  4360 | D:4      | Reached skill level 1 in Air Magic
  4360 | D:4      | Reached skill level 1 in Poison Magic
  4420 | D:4      | Noticed an Executioner
  4475 | D:5      | Entered Level 5 of the Dungeon
  4475 | D:5      | Noticed a centaur
  4487 | D:5      | Killed a centaur
  4488 | D:5      | Reached skill level 7 in Spellcasting
  4488 | D:5      | Reached XP level 6. HP: 28/34 MP: 15/18
  4856 | D:5      | Reached XP level 7. HP: 39/39 MP: 16/20
  4902 | D:5      | Reached * piety under Vehumet
  4902 | D:5      | Offered knowledge of Shock by Vehumet.
  5003 | D:5      | Reached skill level 8 in Spellcasting
  5412 | D:5      | Found a runed translucent door.
  5413 | D:5      | Noticed Crazy Yiuf
  5426 | D:5      | Killed Crazy Yiuf
  5689 | D:6      | Found a glowing silver altar of Zin.
  6115 | D:6      | Reached skill level 9 in Spellcasting
  6150 | D:6      | Noticed a steam dragon
  6183 | D:6      | Killed a steam dragon
  6184 | D:6      | Reached XP level 8. HP: 44/44 MP: 15/23
  6195 | D:6      | Reached skill level 5 in Conjurations
  6445 | D:6      | Reached skill level 10 in Spellcasting
  7242 | D:7      | Noticed Menkaure
  7259 | D:6      | Killed Menkaure
  7398 | D:7      | Found a bloodstained altar of Trog.
  7399 | D:7      | Found a sparkling altar of Nemelex Xobeh.
  7402 | D:7      | Found a stormy altar of Qazlal.
  7429 | D:7      | Noticed Joseph
  7435 | D:7      | Noticed a hornet
  7612 | D:7      | Noticed Duvessa
  7612 | D:7      | Noticed Dowan
  7641 | D:7      | Killed Dowan
  7642 | D:7      | Reached skill level 11 in Spellcasting
  7667 | D:7      | Killed Duvessa
  7667 | D:7      | Offered knowledge of Momentum Strike by Vehumet.
  7672 | D:7      | Got the Vademecum on Lightning
  7720 | D:7      | Reached ** piety under Vehumet
  7725 | D:7      | Reached XP level 9. HP: 22/49 MP: 20/26
  7753 | D:7      | Found a flagged portal.
  7762 | Bailey   | Entered a bailey
  7823 | Bailey   | Slain by an orc warrior

Illustrated notes

Levels and vault maps discovered:
D:1:      scummos_arrival_hexagon, layout_basic
D:2:      layout_basic
D:3:      layout_basic, gammafunk_ghost_arena,
          shapermc_ecumenical_altar_mp_ritualfount, grunt_decor_clamped,
          uniq_jessica
D:4:      layout_basic, kennysheep_little_box, mainiacjoe_overflow_tiny_flanked,
          makhleb_altar_promises_db, minmay_temple_entry_trees,
          uniq_blork_the_orc
D:5:      layout_gridville, uniq_crazy_yiuf_cottage
D:6:      layout_layer_cave, mainiacjoe_overflow_alcove_2
D:7:      layout_basic, grunt_gozag_statues,
          chequers_temple_overflow_statue_of_worship, enter_bailey_4,
          minmay_checkerbox, uniq_joseph, uniq_menkaure, uniq_duvessa
Temple:   hellmonk_temple_divided_pantheon
Bailey:   bailey_axe_bossmonster_kennysheep, bailey

Skill      XL: |  1  2  3  4  5  6  7  8  9 |
---------------+----------------------------+-----
Spellcasting   | 5 6 7 9 11 | 11.4
Armour         | 1 2 3 |  3.0
Fighting       | 1 2 3 |  3.0
Conjurations   | 2 3 4 6 |  6.2
Dodging        | 3 |  3.0
Stealth        | 3 |  3.0
Air Magic      | 1 |  1.2
Poison Magic   | 1 |  1.2
Summonings     | |  1.1
Translocations | |  1.1

Action                     |  1- 3 |  4- 6 |  7- 9 || total
---------------------------+-------+-------+-------++-------
  Melee: Dagger            |    12 |    47 |       ||    59
         Whip              |       |       |    98 ||    98
   Cast: Magic Dart        |   114 |    58 |    80 ||   252
         Mephitic Cloud    |     1 |     8 |    35 ||    44
         Call Imp          |       |       |     6 ||     6
         Blink             |       |       |     3 ||     3
   Stab: Sleeping          |     4 |       |       ||     4
         Confused          |     1 |     6 |    10 ||    17
 Armour: Robe              |     6 |     4 |    12 ||    22
         Steam dragon scal |       |       |    26 ||    26
  Dodge: Dodged            |    17 |    31 |    86 ||   134

Table legend: (Time is in decaauts)
 A = Elapsed time spent in this place.
 B = Non-inter-level travel time spent in this place.
 C = Inter-level travel time spent in this place.
 D = Time resting spent in this place.
 E = Time spent auto-exploring this place.
 F = Levels seen in this place.
 G = Mean time per level.
                   A        B        C        D        E       F      G
               +--------+--------+--------+--------+--------+-----+--------+
         Total |   7837 |   7408 |    429 |    110 |   6104 |   9 |  870.8 |
       Dungeon |   7746 |   7317 |    429 |     84 |   6104 |   7 | 1106.6 |
        Temple |     29 |     29 |      0 |      0 |      0 |   1 |   29.0 |
        Bailey |     61 |     61 |      0 |     26 |      0 |   1 |   61.0 |
               +--------+--------+--------+--------+--------+-----+--------+

Top non-repeatable levels by time:
     D:6: 1774 daAuts
     D:5: 1200 daAuts
     D:2: 1190 daAuts
     D:3: 1149 daAuts
     D:4: 1141 daAuts
     D:1: 964 daAuts
     D:7: 324 daAuts
  Bailey: 61 daAuts
  Temple: 29 daAuts
